 Dungeon Crawl Stone Soup version 0.32-a0-931-g5a2cda0630 (webtiles) character file.

Game seed: 14043556998214910935

58 Biggs the Ruffian (level 3, 0/29 HPs)
             Began as a Demonspawn Fighter on Apr 14, 2024.
             Succumbed to a scorpion's poison
             ... on level 3 of the Dungeon.
             The game lasted 00:08:15 (1241 turns).

Biggs the Ruffian (Demonspawn Fighter)              Turns: 1241, Time: 00:08:15

Health: 0/29       AC:  6    Str: 16 (18) XL:     3   Next: 75%
Magic:  3/3        EV:  7    Int:  5 (8)  God:
Gold:   25         SH:  4    Dex: 11 (12) Spells: 2/2 levels left

rFire   . .          .
                       - Unarmed
rCold   . . .        b - +0 buckler
rNeg    . . .        a - +0 scale mail
rPois   .            (no helmet)
rElec   .            (no cloak)
rCorr   .            (no gloves)
SInv    .            (no boots)
Will    .....        (no amulet) Stlth
                     (no ring)
HPRegen 0.24/turn    (no ring)
MPRegen 0.08/turn

%: no passive effects
@: lethally poisoned (0 -> -6), wreathed by umbra
A: demonic touch 1, foul shadow 1
a: no special abilities


You were on level 3 of the Dungeon.
You visited 1 branch of the dungeon, and saw 4 of its levels.

You collected 130 gold pieces.
You spent 105 gold pieces at shops.

Inventory:

Armour
 a - a +0 scale mail (worn)
 b - a +0 buckler (worn)
Jewellery
 i - the ring of Recklessness {Fly rN+ Int+8 Dex-5 Slay+2}
   (You bought it in a shop on level 3 of the Dungeon)

   [ring of positive energy]

   Int+8:     It affects your intelligence (+8).
   Dex-5:     It affects your dexterity (-5).
   Slay+2:    It affects your accuracy & damage with ranged weapons and melee
   (+2).
   rN+:       It protects you from negative energy.
   Fly:       It grants you flight.
Scrolls
 d - 2 scrolls of fog {unknown}
 f - 3 scrolls of teleportation {unknown}
 g - 3 scrolls of identify {unknown}
 j - a scroll of blinking {unknown}
Potions
 c - a potion of might
 e - a potion of degeneration
 h - 2 potions of mutation {unknown}


   Skills:
 - Level 3.0 Fighting
 - Level 2.6 Armour
 - Level 2.6 Shields
 + Level 3.8 Unarmed Combat


You had 2 spell levels left.
You didn't know any spells.
Your spell library contained the following spells:

 Spells                   Type           Power      Damage    Failure   Level
 Foxfire                  Conj/Fire      0%         2x1d4     94%         1
 Volatile Blastmotes      Fire/Tloc      0%         2d10      100%        3
 Fulminant Prism          Conj/Alch      0%         3d5       100%        4
 Iskenderun's Mystic Bla Conj/Tloc 0%             2d3        (+2d1     100%        4
 Plasma Beam              Fire/Air       0%         2x1d10    100%        6
 Starburst                Conj/Fire      0%         6d3       100%        6


Dungeon Overview and Level Annotations

Branches:
Dungeon (4/15)
 Temple: D:4-7

Altars:
Ashenzari
Fedhas
Hepliaklqana

Shops:
D:3 *


Innate Abilities, Weirdness & Mutations

Your touch may inflict minor irresistible damage on your foes.
You are faintly shadowed, very rarely releasing foul flame when damaged in melee.


Message History

The scorpion stings you but does no damage.
A quokka comes into view.
Unknown command.
You closely miss the scorpion.
You feel very sick.
The scorpion stings you but does no damage.
Unknown command.
You feel sick. The scorpion attacks as it pursues you!
The scorpion stings you but does no damage.
There is a stone staircase leading up here.
Unknown command.
You feel sick.
The scorpion stings you but does no damage.
You climb upwards.
You feel sick.
There is a stone staircase leading down here.
Unknown command.
You hit the scorpion but do no damage.
You feel sick. The scorpion barely misses you. The scorpion stings you.
You are more poisoned.
The scorpion poisons you!
Unknown command.
You hit the scorpion.
The scorpion is moderately wounded.
You feel very sick.
The scorpion stings you but does no damage.
Unknown command.
You hit the scorpion.
The scorpion is moderately wounded.
You feel sick.
The scorpion stings you but does no damage.
You punch the scorpion!
The scorpion is severely wounded.
* * * LOW HITPOINT WARNING * * *
You feel sick. The scorpion stings you.
* * * LOW HITPOINT WARNING * * *
Unknown command.
It was a potion of degeneration.
There was something very wrong with that liquid.
You feel weakened.
You feel dopey.
You feel clumsy.
You die...

.~P~~~♣.######.# .~~~≈~~ #.#
.~~~~~~.######.#
.~~~≈~P♣.......###
..~~~≈≈~♣#####...# ..~~≈≈~ ###.##
.~♣~~≈~ ♣######...###### #######
..~P~P~ ♣........s...... #......
...~~~~ ♣######.@.#####. ##.#.###
...~P~~ ##.## #####...#### ..~~~♣
#.# ##...##.##... ... ♣## #.#
#.ß.ß.#.#.ß.ß ..~ #.. #.#
#.._..#.#.._. .. ##.# #.#
#.ß...#.#...ß .. ..# #.#
###...'#.#'... .# #.#
########.###.#####...####
.####.###..................⌠.....


You could see a scorpion.

Vanquished Creatures
  An adder (D:3)
  2 dart slugs
  A ribbon worm (D:2)
  3 ball pythons
  2 bats
  4 endoplasms
  A giant cockroach (D:2)
  5 goblins
  6 hobgoblins
  2 jackals (D:2)
  A quokka (D:2)
  2 frilled lizards
  4 kobolds (D:3)
  5 rats
39 creatures vanquished.

Notes
Turn   | Place    | Note
-------+----------+-------------------------------------------
     0 | D:1      | Biggs the Demonspawn Fighter began the quest for the Orb.
     0 | D:1      | Reached XP level 1. HP: 18/18 MP: 1/1
   175 | D:1      | Gained mutation: You are faintly shadowed, very rarely
                  | releasing foul flame when damaged in melee. [demonic
                  | ancestry]
   175 | D:1      | Reached XP level 2. HP: 24/24 MP: 2/2
   454 | D:2      | Gained mutation: Your touch may inflict minor irresistible
                  | damage on your foes. [demonic ancestry]
   454 | D:2      | Reached XP level 3. HP: 29/29 MP: 3/3
  1028 | D:3      | Found a faded altar of an unknown god.
  1045 | D:3      | Found Egimig's Assorted Antiques.
  1050 | D:3      | Bought a coiled turquoise ring for 105 gold pieces
  1050 | D:3      | Identified the ring of Recklessness {Fly rN+ Int+8 Dex-5
                  | Slay+2} (You bought it in a shop on level 3 of the Dungeon)
  1145 | D:3      | Found a blossoming altar of Fedhas.
  1160 | D:3      | Found a broken altar of Ashenzari.
  1163 | D:3      | Found a hazy altar of Hepliaklqana.
  1229 | D:4      | Noticed a scorpion
  1241 | D:3      | Succumbed to a scorpion's poison

Illustrated notes

Levels and vault maps discovered:
D:1:      lemuel_arrival_rhombus, layout_basic, serial_shops,
          nicolae_diamond_shop
D:2:      layout_basic, guppyfry_early_lair_pool
D:3:      layout_loops_ring, grunt_temple_overflow_cloverleaf,
          hellmonk_ecumenical_altar_prayer_group, serial_shops,
          nicolae_shop_hallway_plus, minmay_misc_feat_diagonals,
          serial_bayou_ford_a
D:4:      layout_cave_pods, nicolae_overflow_hallway_of_the_gods,
          minmay_temple_entry_junction, gammafunk_ghost_icy, serial_bayou,
          serial_bayou_pond_e, serial_bayou_lake_a, serial_bayou_pond_d,
          serial_bayou_pond_b

Skill      XL: |  1  2 |
---------------+-------+-----
Unarmed Combat | 2 3 |  3.8
Fighting       | |  3.0
Armour         | |  2.6
Shields        | |  2.6

Action                     || total
---------------------------++-------
  Melee: Unarmed           ||   125
    Use: Potion            ||     1
 Armour: Scale mail        ||    80
  Dodge: Dodged            ||    50
  Block: Buckler           ||    22

Table legend: (Time is in decaauts)
 A = Elapsed time spent in this place.
 B = Non-inter-level travel time spent in this place.
 C = Inter-level travel time spent in this place.
 D = Time resting spent in this place.
 E = Time spent auto-exploring this place.
 F = Levels seen in this place.
 G = Mean time per level.
                   A        B        C        D        E       F      G
               +--------+--------+--------+--------+--------+-----+--------+
         Total |   1237 |   1237 |      0 |    114 |      0 |   4 |  309.2 |
       Dungeon |   1237 |   1237 |      0 |    114 |      0 |   4 |  309.2 |
               +--------+--------+--------+--------+--------+-----+--------+

Top non-repeatable levels by time:
     D:3: 492 daAuts
     D:2: 475 daAuts
     D:1: 264 daAuts
     D:4: 6 daAuts
